 Dungeon Crawl Stone Soup version 0.29-a0-416-g83a48905f1 (webtiles) character file.

Game seed: 11951952732132519789

35 quokkamancerX the Bolt Thrower (level 3, 27/27 HPs)
             Began as a Human Hunter on May 17, 2022.
             Was a Follower of Wu Jian.
             Quit the game on level 2 of the Dungeon.
             The game lasted 00:10:50 (1711 turns).

quokkamancerX the Bolt Thrower (Human Hunter)       Turns: 1711, Time: 00:10:51

Health: 27/27      AC:  3    Str: 11    XL:     3   Next: 55%
Magic:  3/3        EV: 12    Int: 11    God:    Wu Jian [*.....]
Gold:   40         SH:  0    Dex: 16    Spells: 2/2 levels left

rFire   . . .      SeeInvis .   a - +1 hand crossbow
rCold   . . .      Faith    .   (no shield)
rNeg    . . .      Spirit   .   e - +0 leather armour
rPois   .          Reflect  .   (no helmet)
rElec   .          Harm     .   (no cloak)
rCorr   .          Rampage  .   (no gloves)
Will    .....                   (no boots)
Stlth   ++........              (no amulet)
HPRegen 0.09/turn               (no ring)
MPRegen 0.08/turn               (no ring)

@: no status effects
A: no striking features
a: Renounce Religion


You were on level 2 of the Dungeon.
You worshipped Wu Jian.
Wu Jian was aware of your devotion.
You visited 1 branch of the dungeon, and saw 2 of its levels.

You collected 108 gold pieces.
You spent 68 gold pieces at shops.

Inventory:

Hand Weapons
 a - a +1 hand crossbow (weapon)
 b - a +2 whip of flaming
Armour
 e - a +0 leather armour (worn)
Scrolls
 c - a scroll of immolation
 f - 2 scrolls of brand weapon {unknown}
 k - a scroll of enchant armour {unknown}
 l - 2 scrolls of magic mapping {unknown}
 m - a scroll of enchant weapon {unknown}
 n - a scroll of fear {unknown}
Potions
 d - a potion of might {unknown}
 g - a potion of cancellation {unknown}
 h - a potion of ambrosia {unknown}
 i - a potion of heal wounds {unknown}
 j - 2 potions of curing {unknown}
 o - a potion of resistance {unknown}


   Skills:
 - Level 2.0 Fighting
 + Level 4.5 Crossbows
 - Level 2.0 Dodging
 + Level 2.5 Stealth


You had 2 spell levels left.
You didn't know any spells.
Your spell library contained the following spells:

 Spells                   Type           Power      Damage    Failure   Level
 Portal Projectile        Hex/Tloc       0%         N/A       80%         3
 Blade Hands              Tmut           0%         N/A       100%        5
 Excruciating Wounds      Necr           0%         N/A       100%        5


Dungeon Overview and Level Annotations

Branches:
Dungeon (2/15)

Altars:
Wu Jian

Shops:
D:1 !*


Message History

Found a smoky puce potion.
Found a stone staircase leading down.
You open the door. You open the door.
There is an open door here.
There is an open door here.
o - a smoky puce potion You open the door.
There is a stone staircase leading down here.
A frilled lizard comes into view.
You shoot a bolt. The bolt hits the frilled lizard.
You kill the frilled lizard!
Found 2 poisoned darts.
j - 2 coppery potions (gained 1)
A kobold comes into view. It is wielding a +0 club.
You shoot a bolt.
The bolt hits the kobold but does no damage.
You shoot a bolt. The bolt misses the kobold.
You shoot a bolt. The bolt barely misses the kobold.
The kobold throws a stone.
The stone hits you but does no damage.
You shoot a bolt. The bolt hits the kobold!
You kill the kobold!
No target in view!
A hobgoblin comes into view.
You shoot a bolt. The bolt hits the hobgoblin.
The hobgoblin shouts!
The hobgoblin is heavily wounded.
You shoot a bolt. The bolt hits the hobgoblin.
You kill the hobgoblin!
Found a faded altar of an unknown god.
No target in view!
Things that are here:
a +0 club; 5 stones
There is a faded altar of an unknown god here.
You cannot tell which god this altar belongs to.
Convert to them anyway?
Wu Jian accepts your prayer! The Council welcomes you!
You can now perform damaging attacks by moving towards foes.
You can now lightly attack monsters by moving around them.
Okay, then.
Are you sure you want to abandon this character and quit the game? (Confirm with "yes".)

##.#### #......
##.#### ### #
##### #
###...####### #
##.......##..#
#8...8.......# #.#
#_@....).8...# #.#
#8...8.......# ###
#.# ##.......##..#
#.. ##.#####
###...###...####.#
....... #####
#......... ##..#.#
#...####.# #...#.#
##.## #.# ......#
.# #.# #.. #...#.#
#.# #.# ###


There were no monsters in sight!

Vanquished Creatures
  3 dart slugs (D:1)
  3 endoplasms
  3 giant cockroaches
  2 goblins
  4 hobgoblins
  2 jackals (D:1)
  A quokka (D:1)
  A ball python (D:1)
  A bat (D:1)
  3 frilled lizards
  3 kobolds
  A rat (D:1)
27 creatures vanquished.

Notes
Turn   | Place    | Note
-------+----------+-------------------------------------------
     0 | D:1      | quokkamancerX the Human Hunter began the quest for the Orb.
     0 | D:1      | Reached XP level 1. HP: 16/16 MP: 1/1
    43 | D:1      | Found Ishio's Assorted Antiques.
   249 | D:1      | Reached XP level 2. HP: 22/22 MP: 2/2
   330 | D:1      | Found Koidetic's Distillery.
   345 | D:1      | Bought a potion of degeneration for 10 gold pieces
   522 | D:1      | Reached XP level 3. HP: 20/27 MP: 3/3
  1201 | D:1      | Bought a scroll labelled IJO UKIOKOQ for 29 gold pieces
  1201 | D:1      | Bought a scroll labelled POSUTULIA for 29 gold pieces
  1701 | D:2      | Found a faded altar of an unknown god.
  1709 | D:2      | Prayed at the altar of an unknown god.
  1709 | D:2      | Became a worshipper of the Wu Jian Council
  1709 | D:2      | Reached * piety under Wu Jian
  1711 | D:2      | Quit the game

Illustrated notes

Levels and vault maps discovered:
D:1:      sevenhm_arrival_forest_fort_small_4, layout_loops_ring, serial_shops,
          nicolae_lakefront_shop, shop, dk_noncrumbling_2
D:2:      layout_loops_corners, hellmonk_ecumenical_altar_prayer_group

Skill      XL: |  1  2 |
---------------+-------+-----
Stealth        | 2 |  2.5
Fighting       | |  2.0
Crossbows      | |  4.5
Dodging        | |  2.0

Action                   || total
-------------------------++-------
 Fire: Hand crossbow     ||    68
Armor: Leather armour    ||     4
Dodge: Dodged            ||    16

Table legend: (Time is in decaauts)
 A = Elapsed time spent in this place.
 B = Non-inter-level travel time spent in this place.
 C = Inter-level travel time spent in this place.
 D = Time resting spent in this place.
 E = Time spent auto-exploring this place.
 F = Levels seen in this place.
 G = Mean time per level.
                   A        B        C        D        E       F      G
               +--------+--------+--------+--------+--------+-----+--------+
         Total |   1745 |   1646 |     99 |    232 |    359 |   2 |  872.5 |
       Dungeon |   1745 |   1646 |     99 |    232 |    359 |   2 |  872.5 |
               +--------+--------+--------+--------+--------+-----+--------+

Top non-repeatable levels by time:
     D:1: 1230 daAuts
     D:2: 514 daAuts
